 Dungeon Crawl Stone Soup version 0.17-a0-1984-g55f5988 (webtiles) character file.

515 Ordine the Cruncher (level 7, -8/56 HPs)
             Began as a Minotaur Gladiator on Oct 6, 2015.
             Mangled by an ogre
             ... wielding a +0 giant club
              (19 damage)
             ... on level 3 of the Dungeon.
             The game lasted 00:06:42 (2634 turns).

Ordine the Cruncher (Minotaur Gladiator)            Turns: 2634, Time: 00:06:42

Health: -8/56      AC: 12    Str: 19    XL:     7   Next: 0%
Magic:  6/6        EV:  8    Int:  5    God:
Gold:   166        SH:  0    Dex: 13    Spells: 0 memorised, 6 levels left

rFire  . . .     SeeInvis .     a - +0 quarterstaff
rCold  . . .     Clarity  .     n - +1 chain mail
rNeg   + . .     SustAt   .     (no shield)
rPois  .         Gourm    .     c - +0 hat
rElec  .         Spirit   .     l - +0 cloak
rCorr  .         Warding  +     b - +0 pair of gloves
rMut   .         Stasis   .     m - +0 pair of boots
MR     .....                    o - amulet of warding
Stlth  ..........               (no ring)
                                (no ring)

@: not resistant to hostile enchantments, extremely unstealthy
A: retaliatory headbutt, horns 2
a: no special abilities


You were on level 3 of the Dungeon.
You were hungry.

You visited 1 branch of the dungeon, and saw 4 of its levels.

You collected 166 gold pieces.

Inventory:

Hand Weapons
 a - a +0 quarterstaff (weapon)
Missiles
 d - 3 throwing nets (quivered)
Armour
 b - a +0 pair of gloves (worn)
 c - a +0 hat (worn)
 l - a +0 cloak (worn)
 m - a +0 pair of boots (worn)
 n - a +1 chain mail (worn)
Jewellery
 o - an amulet of warding (around neck)
Wands
 q - a wand of digging (12)
Scrolls
 k - 2 scrolls of identify
 r - 4 scrolls of remove curse
Potions
 h - 2 potions of lignification
 i - 2 potions of magic
 j - 2 potions of heal wounds
Books
 t - a book of Callings

   Spells                             Type                      Level
   a - Summon Small Mammal            Summoning                    1
   b - Call Imp                       Summoning                    2
   c - Call Canine Familiar           Summoning                    3
   d - Summon Guardian Golem          Hexes/Summoning              3
   e - Summon Lightning Spire         Summoning/Air                4
   f - Summon Ice Beast               Ice/Summoning                4
Comestibles
 e - 2 bread rations
 f - 2 fruits
 g - a meat ration


   Skills:
 - Level 2.4 Fighting
 + Level 9.5 Staves
 - Level 2.0 Throwing
 - Level 3.2 Dodging


You had 6 spell levels left.
You didn't know any spells.

Dungeon Overview and Level Annotations

Branches:
Dungeon (4/15)
 Temple: D:4-7

Altars:
Ashenzari
Gozag
Trog
Zin

Annotations:
D:4 Blork the orc; Ordine's ghost, novice MiGl


Innate Abilities, Weirdness & Mutations

You reflexively headbutt those who attack you in melee.
You have a pair of horns on your head.


Message History

You climb upwards.
There is a stone staircase leading down here.
You hit the ogre.
The ogre is lightly wounded.
The ogre hits you with a giant club!!
You thump the ogre! Your headbutt misses the ogre.
The ogre is moderately wounded.
You hit the ogre.
The ogre is heavily wounded.
The ogre hits you with a giant club!
* * * LOW HITPOINT WARNING * * *
You are too injured to fight recklessly!
You are too injured to fight recklessly!
You are too injured to fight recklessly!
You are too injured to fight recklessly!
You are too injured to fight recklessly!
You thump the ogre!
The ogre is almost dead.
The ogre hits you with a giant club!!
You die...

.#####..#.###..##...####.#####.#
.............(.##.).# #.# #.#
....................# #.# #.#
..####..#.#.#.###...# #.# #.#
........#...#.# #...# #.## #.#
.#####.##..##.# #...# #..# #.#
.# #.##..##.# #...# ##.# #.# .#
#.##..##.###...#####.####.# .#
#..........@..............#
.########).......O..#####.######
............).#####.# #.#
########.....## #.#####†#
########.....# #.......#
........§..§.# #########
########§.§..# #§§§..# #######


You could see an ogre.

Vanquished Creatures
  Sigmund (D:2)
  A phantom (D:3)
  A centaur zombie (D:3)
  An orc priest (D:4)
  Ijyb (D:2)
  Jessica (D:2)
  An orc wizard (D:3)
  4 adders
  An ooze (D:3)
  A worm (D:2)
  A giant gecko (D:3)
  9 orcs
  2 giant cockroaches (D:3)
  8 goblins
  11 hobgoblins
  8 jackals
  8 kobolds
  2 quokkas (D:3)
  2 bats
  5 giant newts
69 creatures vanquished.

Notes
Turn   | Place    | Note
--------------------------------------------------------------
     0 | D:1      | Ordine the Minotaur Gladiator began the quest for the Orb.
     0 | D:1      | Reached XP level 1. HP: 18/18 MP: 0/0
    37 | D:1      | Reached skill level 4 in Staves
   118 | D:1      | Reached XP level 2. HP: 25/25 MP: 1/1
   591 | D:1      | Reached skill level 5 in Staves
   662 | D:2      | Found a shattered altar of Ashenzari.
   662 | D:2      | Noticed Ijyb
   801 | D:2      | Killed Ijyb
   801 | D:2      | Reached XP level 3. HP: 30/30 MP: 2/2
   919 | D:2      | Noticed Sigmund
   946 | D:2      | Killed Sigmund
   946 | D:2      | Reached skill level 7 in Staves
   946 | D:2      | Reached XP level 4. HP: 4/37 MP: 3/3
   946 | D:2      | Reached XP level 5. HP: 4/42 MP: 4/4
  1220 | D:2      | Found a faded altar to an unknown god.
  1383 | D:2      | Found a bloodstained altar of Trog.
  1390 | D:2      | Reached skill level 8 in Staves
  1412 | D:2      | Noticed Jessica
  1415 | D:2      | Killed Jessica
  1415 | D:2      | Reached XP level 6. HP: 46/50 MP: 5/5
  1967 | D:3      | Reached skill level 9 in Staves
  2246 | D:3      | Found a glowing silver altar of Zin.
  2247 | D:3      | Found an opulent altar of Gozag.
  2358 | D:4      | Noticed Blork the orc
  2367 | D:4      | Noticed Ordine's ghost (novice MiGl)
  2370 | D:4      | Reached XP level 7. HP: 36/56 MP: 6/6
  2634 | D:3      | Mangled by an ogre

Vault maps used:
D:1:      dpeg_arrival_orchard
D:2:      bloody_trog, ashenzari_conservatory_becter, ecumenical_altar_2,
          first_bread, uniq_sigmund, uniq_jessica, uniq_iyjb
D:3:      grunt_temple_overflow_gold_and_silver
D:4:      gammafunk_temple_overflow_elements, serial_bayou_lagoon_a,
          hangedman_decor_clover_reticule, mrwooster_statue_mirror,
          kennysheep_another_room, uniq_blork_the_orc

Action                   |  1- 3 |  4- 6 |  7- 9 || total
-------------------------+-------+-------+-------++-------
Melee: Quarterstaff      |    68 |   112 |     9 ||   189
  Use: Scroll            |       |    10 |       ||    10
       Potion            |       |     1 |       ||     1
  Eat: Chunk             |       |     5 |       ||     5
